 Dungeon Crawl Stone Soup version 0.22-a0-542-gce4f928 (webtiles) character file.

128081 kae the Martial Artist (level 16, 0/127 HPs)
             Began as a Demonspawn Transmuter on June 24, 2018.
             Was the Champion of Okawaru.
             Slain by a jumping spider (12 damage)
             ... on level 1 of the Spider Nest.
             The game lasted 00:54:31 (44720 turns).

kae the Martial Artist (Demonspawn Transmuter)     Turns: 44720, Time: 00:54:31

Health: 0/127      AC: 16    Str: 10    XL:     16   Next: 47%
Magic:  0/29       EV: 10    Int: 22    God:    Okawaru [******]
Gold:   2066       SH:  0    Dex: 34    Spells: 18/34 levels left

rFire    . . .     SeeInvis +     - Unarmed
rCold    + + .     Gourm    .   (no shield)
rNeg     . . .     Faith    .   K - +4 ring mail of Rogeotz {SInv}
rPois    +         Spirit   +   (no helmet)
rElec    .         Reflect  +   U - +1 cloak of the Untouchables {+Blink MR- Int+3}
rCorr    .         Harm     .   C - +2 pair of gloves {Dex+3}
MR       .....                  (boots unavailable)
Stlth    +++.......             O - amulet of Zize {Reflect rPois SH+5}
HPRegen  0.31/turn              m - +4 ring of dexterity
MPRegen  0.21/turn              L - ring "Beror" {Wiz rPois rC+ Int+2 Dex+2}

@: about to teleport, held
A: hooves 3, thin skeletal structure 3, cold resistance 1, augmentation 1, magic
shield, freezing cloud immunity
a: Heroism, Finesse, Renounce Religion, Evoke Blink


You were on level 1 of the Spider Nest.
You worshipped Okawaru.
Okawaru was exalted by your worship.
You were near starving.

You visited 5 branches of the dungeon, and saw 26 of its levels.
You also visited: Labyrinth and Ice Cave.

You collected 2502 gold pieces.
You spent 436 gold pieces at shops.

Inventory:

Missiles
 a - 547 arrows
Armour
 b - a +2 helmet
 n - the +0 ring mail of the Pleiades {Dex+2}
   (Okawaru gifted it to you on level 6 of the Lair of Beasts)

   It affects your dexterity (+2).
 C - a +2 pair of gloves of dexterity (worn)
 K - the +4 ring mail of Rogeotz (worn) {SInv}
   (You found it on level 5 of the Lair of Beasts)

   It lets you see invisible.
 U - the +1 cloak of the Untouchables (worn) {+Blink MR- Int+3}
   (You found it on level 1 of the Spider Nest)

   It affects your intelligence (+3).
   It affects your resistance to hostile enchantments.
   It lets you blink.
 V - the +1 helmet of the Hot Ocelot {-Cast rC++ Int+4 Dex-2}
   (Okawaru gifted it to you on level 1 of the Spider Nest)

   It affects your intelligence (+4).
   It affects your dexterity (-2).
   It greatly protects you from cold.
   It prevents spellcasting.
Jewellery
 i - an uncursed amulet of magic regeneration
 m - a +4 ring of dexterity (left hand)
 o - an uncursed ring of ice
 s - an uncursed ring of resist corrosion
 y - an uncursed ring of flight
 I - an uncursed ring of magical power
 L - the ring "Beror" (right hand) {Wiz rPois rC+ Int+2 Dex+2}
   (You acquired it on level 8 of the Dungeon)

   [ring of wizardry]

   It improves your spell success rate.
   It affects your intelligence (+2).
   It affects your dexterity (+2).
   It protects you from cold.
   It protects you from poison.
 M - an uncursed ring of protection from fire
 O - the amulet of Zize (around neck) {Reflect rPois SH+5}
   (You acquired it on level 12 of the Dungeon)

   [amulet of reflection]

   It shields you and reflects attacks.
   It protects you from poison.
   It affects your SH (+5).
 Q - an uncursed ring of see invisible
 R - the ring "Ocrougey" {+Blink MP+9 Str+3 Int-4 Stlth+}
   (You found it in a labyrinth)

   [ring of strength]

   It affects your strength (+3).
   It affects your intelligence (-4).
   It affects your magic capacity (+9).
   It lets you blink.
   It makes you more stealthy.
Wands
 c - a wand of flame (25)
 r - a wand of iceblast (10)
 t - a wand of scattershot (9)
 w - a wand of acid (9)
 A - a wand of paralysis (62)
 D - a wand of polymorph (26)
 E - a wand of disintegration (35)
 H - a wand of enslavement (13)
 J - a wand of random effects (97)
Scrolls
 e - 7 scrolls of amnesia
 f - 9 scrolls of teleportation
 h - 4 scrolls of enchant weapon
 j - 16 scrolls of remove curse
 z - 5 scrolls of enchant armour
 B - 5 scrolls of identify
 G - a scroll of summoning
 N - 4 scrolls of magic mapping
Potions
 g - 8 potions of agility
 k - 5 potions of brilliance
 l - 6 potions of heal wounds
 p - 4 potions of might
 q - 9 potions of curing
 u - 3 potions of ambrosia
 v - 3 potions of flight
 x - 2 potions of lignification
 F - 5 potions of haste
 P - a potion of cancellation {unknown}
 T - a potion of invisibility
Comestibles
 d - 36 rations


   Skills:
 + Level 12.0 Fighting
 + Level 9.4 Armour
 + Level 8.6 Dodging
 + Level 14.3 Unarmed Combat
 + Level 9.9 Spellcasting
 + Level 11.9 Transmutations
 - Level 12.1 Invocations


You had 18 spell levels left.
You knew the following spells:

 Your Spells              Type           Power        Failure   Level  Hunger
a - Beastly Appendage     Tmut           ######       1%          1    None
b - Sticks to Snakes      Tmut           ######..     1%          2    None
c - Spider Form           Tmut/Pois      #####.....   1%          3    None
d - Blade Hands           Tmut           ######....   1%          5    ####...
e - Ice Form              Ice/Tmut       #####...     4%          4    ##.....
f - Apportation           Tloc           ##....       5%          1    None

Your spell library contained the following spells:

 Spells                   Type           Power        Failure   Level  Hunger
 Cause Fear               Hex            ##........   45%         4    ##.....
 Magic Dart               Conj           ##..         5%          1    None
 Fireball                 Conj/Fire      ##........   78%         5    ####...
 Conjure Flame            Conj/Fire      ##......     16%         3    None
 Slow                     Hex            ##......     9%          2    None
 Throw Flame              Conj/Fire      ##....       9%          2    None
 Mephitic Cloud           Conj/Pois/Air  ##......     16%         3    None
 Teleport Other           Tloc           ##......     16%         3    None
 Summon Small Mammal      Summ           ##..         5%          1    None
 Blink                    Tloc           N/A          9%          2    None
 Animate Skeleton         Necr           N/A          5%          1    None
 Sticky Flame             Conj/Fire      ##......     45%         4    ##.....
 Summon Ice Beast         Ice/Summ       ##......     45%         4    ##.....
 Call Imp                 Summ           ##......     9%          2    None
 Regeneration             Chrm/Necr      ##........   16%         3    None
 Deflect Missiles         Chrm/Air       ##........   100%        6    ######.
 Confusing Touch          Hex            ##....       5%          1    None
 Flame Tongue             Conj/Fire      ##...        5%          1    None
 Call Canine Familiar     Summ           ##......     16%         3    None
 Summon Butterflies       Summ           ##......     5%          1    None
 Silence                  Hex/Air        ##........   78%         5    ####...
 Passage of Golubria      Tloc           N/A          45%         4    ##.....
 Summon Hydra             Summ           ##........   100%        7    #######
 Shroud of Golubria       Chrm/Tloc      ##........   9%          2    None
 Inner Flame              Hex/Fire       ##......     16%         3    None
 Infusion                 Chrm           ##..         5%          1    None
 Song of Slaying          Chrm           ##......     9%          2    None
 Spectral Weapon          Hex/Chrm       ##......     16%         3    None
 Discord                  Hex            ##........   100%        8    #######
 Summon Lightning Spire   Summ/Air       ##......     45%         4    ##.....
 Summon Guardian Golem    Hex/Summ       ##......     16%         3    None
 Summon Mana Viper        Hex/Summ       ##......     78%         5    ####...
 Gell's Gravitas          Tloc           ##........   16%         3    None
 Yara's Violent Unravell  Hex/Tmut       #####.....   12%         5    ####...
 Lesser Beckoning         Tloc           ##........   16%         3    None


Dungeon Overview and Level Annotations

Branches:
Dungeon (15/15)            Temple (1/1) D:7            Lair (6/6) D:8
  Swamp (0/4) Lair:3       Spider (2/4) Lair:4        Slime (0/5) Lair:6
    Orc (2/2) D:9             Elf (0/3) Orc:2        Vaults (0/5) D:14
 Depths (0/5) D:15

Altars:
Ashenzari
Cheibriados
Dithmenos
Elyvilon
Fedhas
Gozag
Hepliaklqana
Kikubaaqudgha
Makhleb
Nemelex Xobeh
Okawaru
Qazlal
Ru
Sif Muna
Trog
Uskayaw
Vehumet
Wu Jian
Xom
Yredelemnul
Zin
The Shining One
Beogh

Shops:
D:5 *   D:8 *   Orc:2 (:[*

Annotations:
D:3 Grinder
D:4 2 runed doors, kae's ghost, amateur DsTm
D:5 exclusion: ogre
Lair:1 3 runed doors, Reyrhar's ghost, journeyman TrMo
Lair:6 1 exclusion


Innate Abilities, Weirdness & Mutations

You have hooves in place of feet.
You have an unnaturally thin skeletal structure. (Dex +6, Stealth++)
Your flesh is cold resistant. (rC+)
Your magical and physical power is slightly enhanced at high health.
When hurt, damage is shared between your health and your magic reserves.
You are immune to freezing clouds.


Message History

You are even more entangled.
The jumping spider bites you.
* * * LOW HITPOINT WARNING * * *
You feel much better. The jumping spider closely misses you.
The jumping spider bites you but does no damage.
The jumping spider pounces on you but does no damage.
The jumping spider barely misses you. The jumping spider pounces on you!
* * * LOW HITPOINT WARNING * * *
You are even more entangled.
The jumping spider bites you.
* * * LOW HITPOINT WARNING * * *
The jumping spider closely misses you. The jumping spider barely misses you.
As you read the scroll of teleportation, it crumbles to dust.
You feel strangely unstable. The jumping spider pounces on you!
* * * LOW HITPOINT WARNING * * *
The jumping spider bites you but does no damage.
The jumping spider closely misses you. The jumping spider bites you.
* * * LOW HITPOINT WARNING * * *
The jumping spider barely misses you.
The jumping spider bites you but does no damage.
The jumping spider pounces on you!
You die...

###..#.##.##.
##.#..#..####.
###..##.....##^.
###.#.......#..##. ###
#...###..##.##..## ##.#
##..#....#.####...
#..###...##..##......#.
#...#s#......##....##..
##..###@s....#####.#...#
#....####..#..#..#.....#
##.#...#...#####....#..#
#.....##..#........##..
##^.#....##.....##.#...
##.##......#^#..##..#.
###....#..###..#...#.
#..#.##.^.#####...#.
#........## #...#.##


You could see 2 jumping spiders.

Vanquished Creatures
  Saint Roka (Orc:2)
  Arachne (Spider:2)
  A stone giant (Orc:1)
  3 entropy weavers (Spider:1)
  A spark wasp (Spider:1)
  A minotaur (Lab)
  A yaktaur captain (D:12)
  4 hydras
  8 centaur warriors
  A vault guard (D:14)
  A deep troll shaman (Lair:6)
  6 two-headed ogres
  2 catoblepae
  10 death yaks
  Urug (Lair:5)
  A tengu warrior (D:15)
  2 orc high priests (Orc:2)
  Nergalle (Orc:2)
  4 unseen horrors
  3 orc knights (Orc:2)
  A lindwurm (Lair:6)
  17 wolf spiders
  A wolf spider zombie (D:13)
  19 ugly things
  2 deep elf magi
  3 cyclopes
  5 orc sorcerers
  2 moths of wrath (Spider:2)
  6 orb spiders
  2 manticores
  A centaur zombie (D:15)
  9 elephants
  6 black mambas
  3 ice statues (IceCv)
  2 gargoyles
  2 torpor snails (Spider:1)
  2 rime drakes
  7 spiny frogs
  12 komodo dragons
  6 centaur skeletons
  A komodo dragon (shapeshifter) (D:15)
  7 demonic crawlers
  A redback zombie (D:15)
  8 ice devils (IceCv)
  2 efreet
  A tengu conjurer (D:14)
  3 meliai (D:15)
  2 polar bears (Lair:6)
  A troll (shapeshifter) (D:15)
  5 trolls
  11 blink frogs
  11 jumping spiders
  9 tyrant leeches (Spider:1)
  Prince Ribbit (D:9)
  2 hornets
  12 slime creatures
  13 hippogriffs
  Sigmund (D:4)
  3 shadows
  19 tarantellas
  A water elemental (D:15)
  33 redbacks
  2 wraiths (D:12)
  38 yaks
  5 wyverns
  4 basilisks
  2 steam dragons
  Menkaure (D:6)
  7 vampire mosquitoes (Lair:3)
  A hungry ghost (D:8)
  5 wargs
  A soldier ant (D:11)
  2 swamp worms (Spider:2)
  2 acid dragons
  8 water moccasins
  5 porcupines
  8 sky beasts
  5 black bears
  34 orc warriors
  2 eyes of draining
  A phantom (D:12)
  An eye of draining (shapeshifter) (D:15)
  12 ice beasts
  A necrophage (D:13)
  4 wolves (Lair:6)
  An ogre (shapeshifter) (D:15)
  11 ogres
  4 boggarts (D:15)
  8 centaurs
  10 crocodiles
  A big kobold (D:12)
  Blork the orc (D:4)
  A gnoll sergeant (D:10)
  16 bullfrogs
  3 wyvern skeletons
  7 scorpions
  9 killer bees (D:10)
  12 wights
  7 howler monkeys
  12 crimson imps
  2 draconian simulacra (IceCv)
  2 quasits
  8 hounds
  8 jellies
  2 bullfrog skeletons
  21 orc priests
  3 iguanas
  28 orc wizards
  A spriggan simulacrum (IceCv)
  A troll simulacrum (IceCv)
  10 worker ants
  A killer bee zombie (D:5)
  3 centaur simulacra (IceCv)
  A hound zombie (D:5)
  A hound skeleton (D:11)
  Robin (D:4)
  13 gnolls
  A worker ant zombie (D:9)
  7 adders
  2 howler monkey skeletons
  A naga simulacrum (IceCv)
  2 ogre simulacra (IceCv)
  3 shadow imps
  5 oozes (D:8)
  An adder skeleton (D:9)
  2 worms
  2 dart slugs (D:1)
  9 leopard geckos
  98 orcs
  A ball python (D:5)
  4 giant cockroaches
  16 goblins
  19 hobgoblins
  10 jackals
  7 quokkas
  7 bats
  9 frilled lizards
  29 kobolds
  A leopard gecko skeleton (D:8)
  A leopard gecko zombie (D:5)
  2 quokka skeletons (D:4)
  5 rats
  4 fungi (Lair:5)
916 creatures vanquished.

Vanquished Creatures (collateral kills)
  A hornet zombie (D:7)
  A dart slug (D:1)
  A hobgoblin (D:1)
  A ball python (D:2)
  A frilled lizard (D:2)
  A kobold (D:2)
6 creatures vanquished.

Vanquished Creatures (others)
  A jumping spider (Spider:2)
  A tyrant leech (Spider:2)
  2 redbacks (Spider:2)
  An orc (Orc:2)
  3 fungi
  7 plants
  2 withered plants (D:4)
17 creatures vanquished.

Grand Total: 939 creatures vanquished

Notes
Turn   | Place    | Note
-------+----------+-------------------------------------------
     0 | D:1      | kae the Demonspawn Transmuter began the quest for the Orb.
     0 | D:1      | Reached XP level 1. HP: 15/15 MP: 3/3
   450 | D:1      | Reached skill level 3 in Unarmed Combat
   467 | D:1      | Gained mutation: Your flesh is cold resistant. (rC+) [demonic ancestry]
   467 | D:1      | Reached XP level 2. HP: 14/21 MP: 3/5
  1579 | D:1      | Gained mutation: You have a somewhat thin skeletal structure. (Dex +2, Stealth) [demonic ancestry]
  1579 | D:1      | Reached XP level 3. HP: 14/26 MP: 4/6
  1736 | D:1      | Learned a level 2 spell: Sticks to Snakes
  2047 | D:1      | Learned a level 3 spell: Spider Form
  2874 | D:2      | Identified a +2 pair of boots of running (You found it on level 2 of the Dungeon)
  3238 | D:2      | Found a faded altar of an unknown god.
  3356 | D:2      | Reached XP level 4. HP: 32/32 MP: 3/7
  3712 | D:3      | Reached skill level 4 in Unarmed Combat
  3879 | D:3      | Noticed Grinder
  4132 | D:3      | Reached XP level 5. HP: 34/37 MP: 5/9
  4532 | D:4      | Found a runed door.
  4532 | D:4      | Noticed kae's ghost (amateur DsTm)
  5334 | D:4      | Gained mutation: You have large cloven feet. [demonic ancestry]
  5334 | D:4      | Reached XP level 6. HP: 37/43 MP: 7/11
  5585 | D:4      | Noticed Sigmund
  5603 | D:4      | Killed Sigmund
  5603 | D:4      | Reached skill level 5 in Unarmed Combat
  5823 | D:4      | Noticed Robin
  5846 | D:4      | Killed Robin
  6072 | D:4      | Noticed Blork the orc
  6087 | D:4      | Killed Blork the orc
  6087 | D:4      | Gained mutation: When hurt, damage is shared between your health and your magic reserves. [demonic ancestry]
  6087 | D:4      | Reached XP level 7. HP: 35/48 MP: 9/12
  6193 | D:4      | Found a runed door.
  6268 | D:5      | Entered Level 5 of the Dungeon
  6577 | D:5      | Found Pyusothru's Assorted Antiques.
  6584 | D:5      | Bought a scroll of identify for 68 gold pieces
  6584 | D:5      | Bought a lumpy white potion for 30 gold pieces
  6584 | D:5      | Bought a green potion for 30 gold pieces
  6764 | D:5      | Reached skill level 6 in Unarmed Combat
  7796 | D:6      | Noticed Menkaure
  7974 | D:6      | Killed Menkaure
  7974 | D:6      | Gained mutation: You have a moderately thin skeletal structure. (Dex +4, Stealth+) [demonic ancestry]
  7974 | D:6      | Reached XP level 8. HP: 36/54 MP: 9/14
  8226 | D:6      | Reached skill level 1 in Armour
  8696 | D:7      | Reached skill level 7 in Unarmed Combat
  8743 | D:7      | Found a staircase to the Ecumenical Temple.
  8764 | Temple   | Entered the Ecumenical Temple
  8969 | Temple   | Became a worshipper of Warmaster Okawaru
  9238 | D:7      | Noticed a hippogriff
  9249 | D:7      | Killed a hippogriff
  9249 | D:7      | Reached skill level 5 in Spellcasting
  9249 | D:7      | Reached skill level 5 in Transmutations
  9422 | D:7      | Found a basalt altar of Yredelemnul.
  9432 | D:7      | Found an ornate altar of the Wu Jian Council.
  9914 | D:7      | Noticed a two-headed ogre
  9931 | D:7      | Gained mutation: You have an unnaturally thin skeletal structure. (Dex +6, Stealth++) [demonic ancestry]
  9931 | D:7      | Reached XP level 9. HP: 33/64 MP: 8/16
 10205 | D:8      | Noticed a death yak
 10293 | D:8      | Reached * piety under Okawaru
 10384 | D:8      | Noticed a death yak
 10727 | D:8      | Noticed a two-headed ogre
 10776 | D:8      | Found Ysouh's Changing Room.
 10828 | D:8      | Bought a book of Changes for 275 gold pieces
 10828 | D:8      | Bought a potion of lignification for 33 gold pieces
 10843 | D:8      | Reached skill level 8 in Unarmed Combat
 10892 | D:8      | Found a white marble altar of Elyvilon.
 10913 | D:8      | Reached skill level 1 in Invocations
 11506 | D:8      | Noticed a death yak
 11506 | D:8      | Noticed a death yak
 11506 | D:8      | Noticed a death yak
 11596 | D:8      | Reached ** piety under Okawaru
 11962 | D:8      | Found a deep blue altar of Sif Muna.
 12367 | D:8      | Found a staircase to the Lair.
 12743 | D:7      | Killed a two-headed ogre
 12743 | D:7      | Reached skill level 9 in Unarmed Combat
 12865 | D:8      | Killed a two-headed ogre
 12865 | D:8      | Reached *** piety under Okawaru
 12865 | D:8      | Reached XP level 10. HP: 25/73 MP: 5/17
 13106 | D:9      | Reached skill level 5 in Fighting
 13193 | D:9      | Noticed Prince Ribbit
 13216 | D:9      | Killed Prince Ribbit
 13318 | D:9      | Found a burning altar of Makhleb.
 13769 | D:9      | Found a staircase to the Orcish Mines.
 13799 | D:9      | Reached skill level 5 in Invocations
 14088 | D:9      | Noticed a rust devil
 14095 | D:9      | Found an ancient bone altar of Kikubaaqudgha.
 14634 | D:9      | Noticed an eight-headed hydra
 14649 | D:9      | Killed an eight-headed hydra
 14649 | D:9      | Reached **** piety under Okawaru
 14649 | D:9      | Reached skill level 5 in Armour
 14649 | D:9      | Reached skill level 10 in Unarmed Combat
 14822 | D:8      | Noticed a death yak
 14842 | D:8      | Learned a level 5 spell: Blade Hands
 14847 | D:8      | Learned a level 4 spell: Ice Form
 14849 | D:8      | Learned a level 1 spell: Apportation
 14862 | D:8      | Noticed a death yak
 14896 | D:8      | Killed a death yak
 15187 | D:8      | Killed a death yak
 15187 | D:8      | Reached XP level 11. HP: 65/81 MP: 9/18
 15295 | D:8      | Killed a death yak
 15304 | D:8      | Killed a death yak
 15312 | D:8      | Killed a death yak
 15315 | D:8      | Killed a death yak
 15315 | D:8      | Reached ***** piety under Okawaru
 15317 | D:8      | Killed a death yak
 15317 | D:8      | Received a gift from Okawaru
 15512 | Lair:1   | Entered Level 1 of the Lair of Beasts
 16353 | Lair:1   | Found a runed gate.
 16359 | Lair:1   | Found a runed gate.
 16359 | Lair:1   | Found a runed gate.
 16360 | Lair:1   | Noticed Reyrhar's ghost (journeyman TrMo)
 16588 | Lair:1   | Found a sparkling altar of Nemelex Xobeh.
 16951 | Lair:2   | Reached skill level 11 in Unarmed Combat
 16964 | Lair:2   | Found a frozen archway.
 16986 | IceCv    | Entered an ice cave
 17988 | IceCv    | Gained mutation: You are immune to freezing clouds. [demonic ancestry]
 17988 | IceCv    | Reached XP level 12. HP: 29/91 MP: 6/19
 18632 | Lair:2   | Received a gift from Okawaru
 18936 | Lair:2   | Noticed a six-headed hydra
 18970 | Lair:2   | Killed a six-headed hydra
 19710 | Lair:2   | Noticed a catoblepas
 19723 | Lair:2   | Killed a catoblepas
 20237 | Lair:3   | Reached skill level 12 in Unarmed Combat
 22008 | Lair:3   | Found a staircase to the Swamp.
 22718 | Lair:4   | Found a hole to the Spider Nest.
 22855 | Lair:4   | Noticed a seven-headed hydra
 22861 | Lair:4   | Killed a seven-headed hydra
 22861 | Lair:4   | Gained mutation: You have hoof-like feet. [demonic ancestry]
 22861 | Lair:4   | Reached XP level 13. HP: 94/99 MP: 10/21
 22891 | Lair:4   | Reached skill level 10 in Invocations
 23167 | Lair:4   | Found a blossoming altar of Fedhas.
 23205 | Lair:4   | Received a gift from Okawaru
 24766 | Lair:5   | Noticed Urug
 24789 | Lair:5   | Got a bronze ring mail
 24807 | Lair:5   | Identified the +4 ring mail of Rogeotz {SInv} (You found it on level 5 of the Lair of Beasts)
 25304 | Lair:5   | Killed Urug
 25402 | Lair:5   | Reached ****** piety under Okawaru
 25405 | Lair:5   | Received a gift from Okawaru
 25807 | Lair:6   | Entered Level 6 of the Lair of Beasts
 26463 | Lair:6   | Found a staircase to the Slime Pits.
 27470 | Lair:6   | Received a gift from Okawaru
 27475 | Lair:6   | Got a bronze ring mail {god gift}
 27581 | Lair:6   | Identified the +0 ring mail of the Pleiades {Dex+2} (Okawaru gifted it to you on level 6 of the Lair of Beasts)
 28029 | Lair:6   | Found a staircase to the Slime Pits.
 28942 | D:8      | Identified a scroll of acquirement
 28943 | D:8      | Got an ancient glass ring
 28946 | D:8      | Identified the ring "Beror" {Wiz rPois rC+ Int+2 Dex+2} (You acquired it on level 8 of the Dungeon)
 29243 | D:10     | Entered Level 10 of the Dungeon
 29314 | D:10     | Gained mutation: You have hooves in place of feet. [demonic ancestry]
 29314 | D:10     | Reached XP level 14. HP: 94/108 MP: 24/24
 29321 | D:10     | Reached skill level 5 in Dodging
 29532 | D:10     | Reached skill level 10 in Transmutations
 30252 | D:11     | Reached skill level 13 in Unarmed Combat
 30368 | D:11     | Found a labyrinth entrance.
 30424 | Lab      | Entered a labyrinth
 30664 | Lab      | Got a heavily runed ivory ring
 31623 | D:12     | Got a vibrating steel amulet
 31624 | D:12     | Identified the amulet of Zize {Reflect rPois SH+5} (You acquired it on level 12 of the Dungeon)
 31626 | D:12     | Identified the ring "Ocrougey" {+Blink MP+9 Str+3 Int-4 Stlth+} (You found it in a labyrinth)
 31667 | D:12     | Reached skill level 10 in Fighting
 31703 | D:12     | Received a gift from Okawaru
 33575 | Orc:1    | Entered Level 1 of the Orcish Mines
 33911 | Orc:1    | Noticed a stone giant
 33973 | Orc:1    | Killed a stone giant
 34488 | Orc:2    | Entered Level 2 of the Orcish Mines
 34499 | Orc:2    | Found a roughly hewn altar of Beogh.
 34792 | Orc:2    | Noticed Saint Roka
 34794 | Orc:2    | Noticed Nergalle
 35020 | Orc:2    | Received a gift from Okawaru
 35385 | Orc:2    | Paralysed by an orc sorcerer for 3 turns
 35406 | Orc:2    | Paralysed by an orc sorcerer for 3 turns
 36541 | D:13     | Gained mutation: Your magical and physical power is slightly enhanced at high health. [demonic ancestry]
 36541 | D:13     | Reached XP level 15. HP: 99/117 MP: 17/27
 37292 | D:14     | Found a gate to the Vaults.
 38036 | D:15     | Entered Level 15 of the Dungeon
 38643 | D:15     | Received a gift from Okawaru
 39154 | D:15     | Found a staircase to the Depths.
 39718 | Orc:2    | Killed Saint Roka
 40190 | Orc:2    | Found a roughly hewn altar of Beogh.
 40347 | Orc:2    | Found Adomnoes's Antique Armour Boutique.
 40359 | Orc:2    | Found Ipoorah's Antique Weapon Boutique.
 40373 | Orc:2    | Found Obis's Book Boutique.
 40442 | Orc:2    | Killed Nergalle
 40553 | Orc:2    | Found a staircase to the Elven Halls.
 40790 | Orc:2    | Found Ziarryob's General Store.
 41133 | Spider:1 | Entered Level 1 of the Spider Nest
 41211 | Spider:1 | Reached skill level 14 in Unarmed Combat
 41213 | Spider:1 | Received a gift from Okawaru
 41507 | Spider:1 | Reached XP level 16. HP: 97/126 MP: 24/29
 41932 | Spider:1 | Got a scorched cloak
 41982 | Spider:1 | Received a gift from Okawaru
 42056 | Spider:1 | Got a brightly glowing helmet {god gift}
 42067 | Spider:1 | Identified the +1 helmet of the Hot Ocelot {-Cast rC++ Int+4 Dex-2} (Okawaru gifted it to you on level 1 of the Spider Nest)
 42094 | Spider:1 | Identified the +1 cloak of the Untouchables {+Blink MR- Int+3} (You found it on level 1 of the Spider Nest)
 42338 | Spider:2 | Noticed Arachne
 42595 | Spider:2 | Killed Arachne
 44720 | Spider:1 | Slain by a jumping spider

Vault maps used:
D:1:      lightli_arrival_quake
D:2:      chequers_ecumenical_altar_simple
D:3:      uniq_grinder
D:4:      gammafunk_ghost_grave, uniq_robin, uniq_blork_the_orc, uniq_sigmund,
          uniq_crazy_yiuf_cottage
D:5:      first_ration, serial_shops, nicolae_shop_stone, minmay_crystal_water
D:6:      corexii_shantytown, uniq_menkaure
D:7:      amethyst_overflow_temple_binary, minmay_temple_entry_trees
D:8:      lemuel_coloured_pillars_altar, lemuel_doored_altar,
          dpeg_lair_monsters, serial_glass, glass_columns_a, glass_columns_b,
          hangedman_little_slice_of_home, minmay_holes,
          nicolae_transmutations_shop
D:9:      david_orc_1_choice, basic_altar, solitary_fountain,
          hangedman_decor_riveting, lemuel_hellish_altar, uniq_prince_ribbit1
D:10:     minmay_misc_feat_more_columns
D:11:     lab_entry_generic, hangedman_abyss_or_decor_lesser_grid,
          kennysheep_generic_room_8
D:12:     minmay_the_grid_octo_tiled_octocenter_mashed, minmay_misc_feat_tiny
D:14:     david_vaults_5, serial_park_square2
D:15:     gammafunk_enter_depths_forms, fountainhead, spider_trap
Temple:   hc_temple_tempest_star
Lair:1:   basic_altar, gammafunk_ghost_necromancy
Lair:2:   portal_ice_cave_entry_ice_beasts, lemuel_fruit_fields
Lair:3:   minmay_swamp_entry_swarm, minivault_11, beast_lair_carwin_10,
          grunt_megastairs_1, lemuel_fruit_tree, serial_bayou_shore_b
Lair:4:   dummy_spider_entry, basic_altar, grunt_megastairs_4
Lair:5:   serial_bayou_pond_d, infiniplex_staircase_pool_2, lemuel_fruit_fields,
          uniq_urug
Lair:6:   grunt_lair_end_beastmaster, minmay_slime_entry_pillars
Spider:1: cheibrodos_spider_silkery, hangedman_spider_mandibles
Spider:2: worms_lemuel, uniq_arachne
Orc:2:    grunt_orc_cross, nicolae_orc_lost_temple
Lab:      nicolae_lab_dead_adventurers, nicolae_lab_flowing_pool,
          labyrinth_skeletal_remains, nicolae_lab_x
IceCv:    ice_cave_tombish

Skill      XL: |  1  2  3  4  5  6  7  8  9 10 11 12 13 14 15 16 |
---------------+-------------------------------------------------+-----
Unarmed Combat | 3 4 5 6 7 9 10 11 12 13 14 | 14.3
Transmutations | 2 3 4 5 6 7 8 9 10 11 | 11.9
Spellcasting   | 3 4 5 7 8 9 |  9.9
Armour         | 2 4 5 6 7 8 9 |  9.4
Fighting       | 3 4 6 7 8 9 10 11 12 | 12.0
Invocations    | 4 6 8 9 11 12 | 12.1
Dodging        | 2 4 6 8 |  8.6

Action                   |  1- 3 |  4- 6 |  7- 9 | 10-12 | 13-15 | 16-18 || total
-------------------------+-------+-------+-------+-------+-------+-------++-------
Melee: Unarmed           |   200 |   169 |   480 |   526 |  1260 |   194 ||  2829
       Kick              |    10 |       |       |       |   360 |    75 ||   445
       Headbutt          |     4 |       |       |       |       |       ||     4
       Punch             |       |       |     8 |    35 |   124 |    21 ||   188
 Cast: Beastly Appendage |    19 |     1 |       |       |       |       ||    20
       Sticks to Snakes  |     5 |     1 |     4 |     1 |     1 |       ||    12
       Spider Form       |     4 |    12 |    46 |    18 |     3 |       ||    83
       Blade Hands       |       |       |       |    49 |   121 |    22 ||   192
       Ice Form          |       |       |       |     2 |       |       ||     2
Invok: Heroism           |       |       |     1 |    20 |    27 |     3 ||    51
       Finesse           |       |       |       |     1 |       |     1 ||     2
Evoke: Wand              |       |       |       |     4 |    14 |       ||    18
  Use: Scroll            |       |    10 |     9 |    11 |    21 |     3 ||    54
       Potion            |       |       |       |     1 |       |     1 ||     2
 Stab: Sleeping          |     3 |     3 |    12 |     7 |    12 |       ||    37
       Distracted        |       |       |     3 |       |     1 |     1 ||     5
       Petrified         |       |       |       |       |     6 |       ||     6
       Confused          |       |       |       |       |     1 |       ||     1
  Eat: Chunk             |     9 |    10 |    23 |    23 |    68 |    10 ||   143
       Ration            |       |       |     1 |     8 |     7 |     1 ||    17
Armor: Robe              |    38 |    34 |    27 |    52 |    12 |       ||   163
       Skin              |     1 |     6 |    17 |     4 |     2 |       ||    30
       Ring mail         |       |       |       |       |   312 |   101 ||   413
Dodge: Dodged            |   140 |   103 |   358 |   272 |   910 |   238 ||  2021
Block: Other             |       |       |       |       |   123 |    75 ||   198
       Reflection        |       |       |       |       |    12 |       ||    12

Table legend:
 A = Spawn XP
 B = Non-spawn XP
 C = Spawn XP percentage of total XP
 D = Spawn monster count
 E = Non-spawn monster count
 F = Spawn count percentage of total count
 G = Total turns spent on level
                    A         B        C        D         E        F      G
               +---------+---------+-------+---------+---------+-------+---------
         Total |       0 |  182973 |   0.0 |       0 |     922 |   0.0 | 44720
               +---------+---------+-------+---------+---------+-------+---------
           D:1 |       0 |      54 |   0.0 |       0 |      30 |   0.0 |  2572
           D:2 |       0 |      53 |   0.0 |       0 |      24 |   0.0 |   792
           D:3 |       0 |     109 |   0.0 |       0 |      18 |   0.0 |  1163
           D:4 |       0 |     568 |   0.0 |       0 |      29 |   0.0 |  1741
           D:5 |       0 |     255 |   0.0 |       0 |      14 |   0.0 |  1178
           D:6 |       0 |     665 |   0.0 |       0 |      50 |   0.0 |  1220
           D:7 |       0 |    2382 |   0.0 |       0 |      33 |   0.0 |  2000
           D:8 |       0 |    8405 |   0.0 |       0 |      47 |   0.0 |  3435
           D:9 |       0 |    3390 |   0.0 |       0 |      39 |   0.0 |  1995
          D:10 |       0 |    5626 |   0.0 |       0 |      46 |   0.0 |  1042
          D:11 |       0 |    6278 |   0.0 |       0 |      46 |   0.0 |  1017
          D:12 |       0 |   11918 |   0.0 |       0 |      61 |   0.0 |  1969
          D:13 |       0 |    8964 |   0.0 |       0 |      36 |   0.0 |  1007
          D:14 |       0 |    6337 |   0.0 |       0 |      31 |   0.0 |  1074
          D:15 |       0 |   16344 |   0.0 |       0 |      40 |   0.0 |  1437
        Lair:1 |       0 |    1491 |   0.0 |       0 |       7 |   0.0 |  1112
        Lair:2 |       0 |    6545 |   0.0 |       0 |      28 |   0.0 |  1801
        Lair:3 |       0 |    8707 |   0.0 |       0 |      36 |   0.0 |  2758
        Lair:4 |       0 |    6531 |   0.0 |       0 |      26 |   0.0 |  1373
        Lair:5 |       0 |    9059 |   0.0 |       0 |      26 |   0.0 |  2329
        Lair:6 |       0 |   10859 |   0.0 |       0 |      29 |   0.0 |  2511
      Spider:1 |       0 |   30445 |   0.0 |       0 |      85 |   0.0 |  3408
      Spider:2 |       0 |   12282 |   0.0 |       0 |      30 |   0.0 |   179
         Orc:1 |       0 |    4388 |   0.0 |       0 |      32 |   0.0 |  2155
         Orc:2 |       0 |   15712 |   0.0 |       0 |      56 |   0.0 |  1376
           Lab |       0 |    1369 |   0.0 |       0 |       2 |   0.0 |   381
         IceCv |       0 |    4237 |   0.0 |       0 |      21 |   0.0 |  1477
               +---------+---------+-------+---------+---------+-------+---------
